 Dungeon Crawl Stone Soup version 0.29-a0-344-ge2f44be95a (webtiles) character file.

Game seed: 7378545613026008997

44919 croobank the Fighter (level 14, -4/116 HPs)
             Began as a Human Fighter on Apr 21, 2022.
             Was an Initiate of Gozag.
             Slain by a spriggan rider
             ... wielding a +0 spear
              (19 damage)
             ... on level 6 of the Lair of Beasts.
             The game lasted 00:52:05 (17081 turns).

croobank the Fighter (Human Fighter)               Turns: 17081, Time: 00:52:06

Health: -4/116     AC: 15    Str: 31    XL:     14   Next: 68%
Magic:  23/23      EV: 12    Int: 16    God:    Gozag
Gold:   2868       SH:  0    Dex: 13    Spells: 13/13 levels left

rFire   + + +      SeeInvis .   A - +3 battleaxe (flame)
rCold   . . .      Faith    .   (shield currently unavailable)
rNeg    + . .      Spirit   .   Z - +5 plate armour {rF+}
rPois   +          Reflect  .   g - +0 helmet "Leinow" {rN+ MP+9 Str+4}
rElec   .          Harm     .   n - scarf {rC+ rF+}
rCorr   .          Rampage  .   (no gloves)
Will    +....                   y - +0 pair of boots
Stlth   ..........              j - amulet of regeneration
HPRegen 1.09/turn               T - ring "Zousa" {Fire rPois Str+6 Slay+2}
MPRegen 0.18/turn               E - ring "Zulu" {*Corrode rPois EV+4 Int+7 Stlth+}

@: corroded, gold aura
A: no striking features
a: Renounce Religion, Potion Petition, Call Merchant, Bribe Branch


You were on level 6 of the Lair of Beasts.
You worshipped Gozag.
Gozag was most pleased with you.
You visited 3 branches of the dungeon, and saw 17 of its levels.
You also visited: Volcano.

You collected 3665 gold pieces.
You spent 686 gold pieces at shops.
You paid 111 gold pieces to Gozag.

Inventory:

Hand Weapons
 s - a +3 vampiric broad axe
 w - a +2 vampiric halberd
 A - a +3 battleaxe of flaming (weapon)
 D - a +2 whip of flaming
 L - a +2 scimitar of flaming
 N - a +3 vampiric whip
 X - a +2 fustibalus of flaming
Missiles
 h - 426 stones
 o - 29 poisoned darts (quivered)
 U - 3 silver javelins
Armour
 c - a +0 buckler
 g - the +0 helmet "Leinow" (worn) {rN+ MP+9 Str+4}
   (You acquired it on level 3 of the Dungeon)

   Str:       It affects your strength (+4).
   rN:        It protects you from negative energy.
   MP:        It affects your magic capacity (+9).
 n - a scarf of resistance (worn)
 y - a +0 pair of boots (worn)
 M - a +1 robe of the Archmagi
 Y - a +1 helmet of see invisible
 Z - a +5 plate armour of fire resistance (worn)
Jewellery
 b - a ring of protection from fire
 j - an amulet of regeneration (around neck)
 m - a ring of protection from cold
 z - a +4 ring of evasion
 E - the ring "Zulu" (right hand) {*Corrode rPois EV+4 Int+7 Stlth+}
   (You found it on level 6 of the Dungeon)

   [ring of evasion]

   EV:        It affects your evasion (+4).
   Int:       It affects your intelligence (+7).
   rPois:     It protects you from poison.
   *Corrode:  It may corrode you when you take damage.
   Stlth:     It makes you more stealthy.
 G - an amulet of reflection
 O - a ring of magical power
 P - a ring of willpower
 T - the ring "Zousa" (left hand) {Fire rPois Str+6 Slay+2}
   (You bought it in a shop on level 8 of the Dungeon)

   [ring of fire]

   It enhances your fire magic.
   Str:       It affects your strength (+6).
   Slay:      It affects your accuracy & damage with ranged weapons and melee
   (+2).
   rF:        It protects you from fire.
   rC:        It makes you vulnerable to cold.
   rPois:     It protects you from poison.
Wands
 f - a wand of charming (2)
 k - a wand of digging (8)
 u - a wand of polymorph (6)
 B - a wand of iceblast (13)
 C - a wand of paralysis (4)
 I - a wand of flame (15)
 K - a wand of acid (6)
 W - a wand of mindburst (5)
Scrolls
 a - a scroll of amnesia
 i - 3 scrolls of fog
 p - 5 scrolls of teleportation
 v - a scroll of brand weapon
 Q - 3 scrolls of fear
Potions
 d - 10 potions of curing
 e - 2 potions of brilliance
 l - 3 potions of mutation
 q - a potion of lignification
 r - 3 potions of magic
 t - 2 potions of resistance
 x - 2 potions of ambrosia
 F - 2 potions of cancellation {unknown}
 H - a potion of haste
 J - 3 potions of heal wounds
 R - 3 potions of degeneration {unknown}
 V - 2 potions of flight
Miscellaneous
 S - a phial of floods (inert)


   Skills:
 + Level 12.8 Fighting
 + Level 12.6 Axes
 + Level 12.7 Armour
 + Level 12.8 Shields


You had 13 spell levels left.
You didn't know any spells.
Your spell library contained the following spells:

 Spells                   Type           Power      Damage    Failure   Level
 Magic Dart               Conj           0%         1d3       82%         1
 Shock                    Conj/Air       0%         1d3       82%         1
 Call Imp                 Summ           0%         N/A       91%         2
 Call Canine Familiar     Summ           0%         N/A       99%         3
 Ignite Poison            Fire/Tmut/Pois 0%         N/A       99%         3
 Mephitic Cloud           Conj/Pois/Air  0%         N/A       99%         3
 Portal Projectile        Hex/Tloc       0%         N/A       99%         3
 Summon Guardian Golem    Hex/Summ       0%         N/A       99%         3
 Leda's Liquefaction      Hex/Erth       0%         N/A       100%        4
 Freezing Cloud           Conj/Ice/Air   0%         6-21      100%        5
 Yara's Violent Unravell  Hex/Tmut       0%         3d3       100%        5
 Simulacrum               Ice/Necr       0%         N/A       100%        6
 Polar Vortex             Ice            0%         N/A       100%        9


Dungeon Overview and Level Annotations

Branches:
Dungeon (10/15)            Temple (1/1) D:7            Lair (6/6) D:8
  Swamp (0/4) Lair:2        Snake (0/4) Lair:2      Volcano (visited)
  Slime: Lair:5-6       Orc: D:9-12

Altars:
Ashenzari
Cheibriados
Dithmenos
Elyvilon
Fedhas
Gozag
Hepliaklqana
Kikubaaqudgha
Makhleb
Nemelex Xobeh
Okawaru
Qazlal
Ru
Trog
Uskayaw
Vehumet
Wu Jian
Xom
Yredelemnul
Zin
The Shining One

Shops:
D:8 *   D:9 =

Annotations:
Lair:5 exclusion: oklob plant


Message History

The spriggan rider hits you but does no damage.
The polar bear bites you but does no damage.
The polar bear claws you but does no damage.
The polar bear barely misses you.
The spriggan hits you but does no damage.
You barely miss the spriggan rider.
The spriggan rider is moderately wounded.
You slash the spriggan! You burn the spriggan!
You hit the polar bear but do no damage.
The spriggan rider hits you with a +0 spear!
* * * LOW HITPOINT WARNING * * *
The polar bear bites you!
* * * LOW HITPOINT WARNING * * *
The polar bear claws you but does no damage. x2
The spriggan hits you but does no damage.
You completely miss the spriggan rider.
The spriggan rider is moderately wounded.
You slice the polar bear!! You burn the polar bear!
The spriggan blocks your attack.
The spriggan rider hits you but does no damage.
The polar bear misses you. The polar bear claws you.
* * * LOW HITPOINT WARNING * * *
The polar bear misses you.
The spriggan hits you but does no damage.
You miss the spriggan rider.
The spriggan rider is moderately wounded.
You closely miss the polar bear. You slash the spriggan! You burn the spriggan.
You kill the spriggan!
The spriggan rider hits you but does no damage.
The polar bear barely misses you.
The polar bear claws you but does no damage. x2
The spriggan rider hits you with a +0 spear!
* * * LOW HITPOINT WARNING * * *
You closely miss the spriggan rider.
The spriggan rider is moderately wounded.
You slice the polar bear!! You burn the polar bear.
You kill the polar bear!
The spriggan rider hits you with a +0 spear!!
You die...
Your body crumbles into a pile of gold.

..)..♣..♣
♣♣......♣
♣♣♣....♣♣♣♣
♣.♣♣....♣♣♣ ♣♣
♣♣♣...♣...♣♣♣
.$♣
♣....♣♣♣♣...♣
..♣ ♣....♣♣♣
♣♣..♣♣♣♣ ..♣
...♣♣
♣♣...i♣..♣♣ .♣♣
♣..$@$...♣
♣......♣$....♣
♣..♣♣♣♣♣♣♣.....♣
... ♣♣♣♣.. .. .
.


You could see a spriggan rider.

Vanquished Creatures
  A red draconian (Volcano)
  Snorg (Lair:4)
  2 hydras
  4 death yaks
  Erica (D:8)
  Sonja (Lair:1)
  A salamander mystic (Volcano)
  2 lindwurms
  Pikel (D:7)
  4 salamanders (Volcano)
  10 black mambas
  4 elephants
  10 cane toads
  2 rime drakes
  9 komodo dragons
  3 hornets (Lair:6)
  7 polar bears
  Grinder (D:3)
  2 trolls
  6 blink frogs
  9 dream sheep
  2 vampires
  3 wyverns
  8 spriggans (Lair:6)
  37 yaks
  3 steam dragons
  6 basilisks
  Menkaure (D:6)
  2 acid dragons
  16 water moccasins
  An ice beast (D:6)
  3 black bears
  5 sky beasts
  4 orc warriors
  An ogre (D:4)
  53 wolves
  5 centaurs
  3 boggarts (Lair:6)
  2 kobold brigands
  14 bullfrogs
  Blork the orc (D:5)
  A gnoll sergeant (D:7)
  2 necrophages
  4 scorpions
  17 killer bees
  A howler monkey (D:7)
  6 electric eels
  A lava snake (D:8)
  A bullfrog zombie (D:4)
  7 hounds
  A jelly (D:5)
  4 orc priests
  Jessica (D:2)
  Ijyb (D:5)
  Natasha (thrice) (D:3)
  2 iguanas (D:4)
  A scorpion zombie (D:4)
  6 orc wizards
  4 hell rats (Lair:2)
  8 hound zombies (D:4)
  4 hound skeletons (D:4)
  A howler monkey zombie (D:4)
  10 gnolls
  5 adders
  3 river rats (Lair:2)
  A shadow imp (D:6)
  A white imp (D:6)
  An ufetubus (D:6)
  3 dart slugs
  19 orcs
  7 ball pythons
  6 endoplasms
  A giant cockroach (D:3)
  6 goblins
  7 hobgoblins
  4 jackals (D:3)
  2 quokkas
  3 bats
  A frilled lizard (D:1)
  13 kobolds
  9 rats
429 creatures vanquished.

Vanquished Creatures (collateral kills)
  An adder (D:2)
1 creature vanquished.

Vanquished Creatures (others)
  3 bushes (Lair:6)
  24 fungi
  38 plants
  3 withered plants (D:4)
68 creatures vanquished.

Grand Total: 498 creatures vanquished

Notes
Turn   | Place    | Note
-------+----------+-------------------------------------------
     0 | D:1      | croobank the Human Fighter began the quest for the Orb.
     0 | D:1      | Reached XP level 1. HP: 18/18 MP: 1/1
   467 | D:1      | Reached XP level 2. HP: 18/24 MP: 2/2
   871 | D:2      | Reached XP level 3. HP: 29/29 MP: 3/3
  1032 | D:1      | Reached XP level 4. HP: 25/35 MP: 4/4
  1176 | D:2      | Found a faded altar of an unknown god.
  1837 | D:2      | Noticed Jessica
  1840 | D:2      | Killed Jessica
  1841 | D:2      | Reached XP level 5. HP: 42/42 MP: 5/5
  2112 | D:3      | Identified a scroll of acquirement
  2112 | D:3      | Acquired the +0 helmet "Leinow" {rN+ MP+9 Str+4}
  2577 | D:3      | Noticed Natasha
  2583 | D:3      | Killed Natasha
  2605 | D:3      | Noticed a water moccasin
  2614 | D:3      | Killed a water moccasin
  2615 | D:3      | Reached XP level 6. HP: 23/48 MP: 6/6
  2788 | D:3      | Noticed Natasha
  2796 | D:3      | Killed Natasha
  2796 | D:3      | Noticed Natasha
  2803 | D:3      | Killed Natasha
  2997 | D:3      | Noticed Grinder
  3026 | D:3      | Paralysed by Grinder for 4 turns
  3036 | D:3      | Killed Grinder
  3037 | D:3      | Reached XP level 7. HP: 12/55 MP: 7/7
  3933 | D:4      | Reached skill level 5 in Fighting
  3933 | D:4      | Reached skill level 5 in Armour
  3936 | D:4      | Reached skill level 5 in Shields
  4080 | D:4      | Reached XP level 8. HP: 55/62 MP: 8/8
  4693 | D:4      | Reached skill level 5 in Axes
  4790 | D:5      | Entered Level 5 of the Dungeon
  4916 | D:5      | Found a hide-covered altar of Uskayaw.
  4916 | D:5      | Noticed a +0 dagger
  4916 | D:5      | Noticed a +0 dagger
  5233 | D:5      | Noticed Ijyb
  5245 | D:5      | Killed Ijyb
  5290 | D:5      | Got the Compendium of Flying Bewitchment
  5587 | D:5      | Reached XP level 9. HP: 63/69 MP: 9/9
  5630 | D:5      | Noticed Blork the orc
  5636 | D:5      | Killed Blork the orc
  6641 | D:6      | Noticed Menkaure
  6647 | D:6      | Killed Menkaure
  6847 | D:6      | Identified the ring "Zulu" {*Corrode rPois EV+4 Int+7
                  | Stlth+}
  7307 | D:7      | Noticed Pikel
  7312 | D:7      | Killed Pikel
  7313 | D:7      | Reached XP level 10. HP: 79/79 MP: 10/10
  7494 | D:7      | Found a staircase to the Ecumenical Temple.
  7570 | D:7      | Found a blossoming altar of Fedhas.
  7570 | D:7      | Found a bloodstained altar of Trog.
  7722 | Temple   | Entered the Ecumenical Temple
  7736 | Temple   | Became a worshipper of Gozag Ym Sagoz the Greedy
  7881 | D:8      | Noticed Erica
  8102 | D:8      | Found a staircase to the Lair.
  8573 | D:8      | Found Veuz's Fire Supplies.
  8657 | D:8      | Killed Erica
  9384 | D:9      | Reached XP level 11. HP: 87/87 MP: 11/11
  9538 | D:9      | Found Erewn's Jewellery Emporium.
  9602 | D:8      | Bought the ring "Zousa" {Fire rPois Str+6 Slay+2} for 686
                  | gold pieces
  9666 | D:10     | Entered Level 10 of the Dungeon
 10303 | D:10     | Noticed a boulder beetle
 10556 | Lair:1   | Entered Level 1 of the Lair of Beasts
 11009 | Lair:1   | Reached XP level 12. HP: 88/97 MP: 12/12
 11025 | Lair:1   | Noticed Sonja
 11033 | Lair:1   | Killed Sonja
 11452 | Lair:2   | Reached skill level 10 in Fighting
 11452 | Lair:2   | Reached skill level 10 in Armour
 11452 | Lair:2   | Reached skill level 10 in Shields
 11567 | Lair:2   | Found a staircase to the Swamp.
 11648 | Lair:2   | Found a staircase to the Snake Pit.
 11667 | Lair:2   | Reached skill level 10 in Axes
 12087 | Lair:2   | Found a dark tunnel.
 12096 | Volcano  | Entered a volcano
 12148 | Volcano  | Noticed a salamander mystic
 12161 | Volcano  | Killed a salamander mystic
 12280 | Volcano  | Noticed a red draconian
 12292 | Volcano  | Killed a red draconian
 13100 | Lair:3   | Reached XP level 13. HP: 101/105 MP: 13/13
 13938 | Lair:3   | Identified the +3 ring mail of the Merchant {*Corrode
                  | Regen+ Int+8 Stlth-}
 14532 | Lair:4   | Noticed a four-headed hydra
 14540 | Lair:4   | Killed a one-headed hydra
 14786 | Lair:4   | Noticed Snorg
 14816 | Lair:4   | Killed Snorg
 15595 | Lair:5   | Found a shimmering altar of Xom.
 16049 | Lair:5   | Reached XP level 14. HP: 115/115 MP: 14/14
 16542 | Lair:6   | Entered Level 6 of the Lair of Beasts
 17081 | Lair:6   | Slain by a spriggan rider

Illustrated notes

Levels and vault maps discovered:
D:1:      dpeg_arrival_rooms_c, layout_rooms
D:2:      layout_rooms, shapermc_ecumenical_altar_mp_urbaneastern,
          kennysheep_pointless_box, minmay_misc_feat_more_columns,
          kennysheep_cross_bottleneck, hangedman_feature_mirror, uniq_jessica
D:3:      layout_basic, kennysheep_generic_room_10, uniq_natasha, uniq_grinder
D:4:      layout_gridville, serial_undead, serial_undead_b, serial_undead_c,
          serial_undead_a, serial_undead_f, serial_undead_e, serial_undead_d
D:5:      layout_loops_ring, dancing_weapons_uskayaw, uniq_blork_the_orc,
          uniq_ijyb
D:6:      layout_basic, uniq_menkaure
D:7:      layout_basic, gammafunk_temple_overflow_wave,
          minmay_temple_entry_butterflies, uniq_pikel
D:8:      layout_loops_corners, erik_lair_island,
          chequers_serial_rivers_large_b, nicolae_shop_fire_sale
          [nicolae_sub_dead_trees], nicolae_lava_and_water, uniq_erica
D:9:      layout_roguey, serial_shops, nicolae_stop_n_shop_1
D:10:     layout_stronghold, mainiacjoe_overflow_alcove_2, hangedman_misty_isle
Temple:   compressed_dpeg_circular_temple
Lair:1:   layout_long_grid, serial_bayou_lagoon_b, infiniplex_staircase_pool,
          uniq_sonja
Lair:2:   layout_long_grid, swamp_mist_pool, minmay_snake_entry_six_corridors,
          nicolae_volcano_entry_two_sided, serial_rivers,
          chequers_serial_rivers_micro_d, chequers_serial_rivers_micro_a,
          chequers_serial_rivers_small_3, chequers_serial_rivers_micro_e,
          wad_woods_road_03, kennysheep_abandoned_house
Lair:3:   layout_layer_cave, grunt_forest_large_clearings
Lair:4:   layout_cave_pods, uniq_snorg
Lair:5:   layout_gridlike, minmay_slime_entry_oklob_enclosed, basic_altar,
          serial_bayou_shore_b
Lair:6:   minmay_lair_end_enchanted_forest, layout_loops_ring,
          grunt_forest_large_clearing_hut

Skill      XL: |  1  2  3  4  5  6  7  8  9 10 11 12 13 14 |
---------------+-------------------------------------------+-----
Axes           | 3 4 5 6 8 9 10 11 12 | 12.6
Fighting       | 4 5 6 7 8 9 10 12 | 12.8
Armour         | 4 5 6 7 8 9 10 12 | 12.7
Shields        | 4 5 7 8 9 10 12 | 12.8

Action                   |  1- 3 |  4- 6 |  7- 9 | 10-12 | 13-15 || total
-------------------------+-------+-------+-------+-------+-------++-------
Melee: War axe           |    59 |   133 |   149 |       |       ||   341
       Broad axe         |       |       |   187 |   519 |   126 ||   832
       Battleaxe         |       |       |       |       |   342 ||   342
       Scimitar          |       |       |       |       |    13 ||    13
Throw: Stone             |     8 |       |       |       |       ||     8
       Dart              |       |       |     4 |       |       ||     4
Evoke: Wand              |       |       |       |    25 |     2 ||    27
       Phial of floods   |       |       |       |       |     1 ||     1
  Use: Potion            |     2 |     2 |       |     2 |     1 ||     7
       Scroll            |       |     6 |     8 |    11 |     9 ||    34
 Stab: Distracted        |       |       |       |     2 |     9 ||    11
       Paralysed         |       |       |       |     2 |       ||     2
Armor: Scale mail        |    29 |    49 |   112 |       |       ||   190
       Plate armour      |       |       |   112 |   387 |   392 ||   891
Dodge: Dodged            |    22 |    69 |   112 |   311 |   354 ||   868
Block: Buckler           |    14 |    35 |    82 |   193 |    76 ||   400

Table legend: (Time is in decaauts)
 A = Elapsed time spent in this place.
 B = Non-inter-level travel time spent in this place.
 C = Inter-level travel time spent in this place.
 D = Time resting spent in this place.
 E = Time spent auto-exploring this place.
 F = Levels seen in this place.
 G = Mean time per level.
                   A        B        C        D        E       F      G
               +--------+--------+--------+--------+--------+-----+--------+
         Total |  17508 |  16945 |    563 |   1359 |  11523 |  18 |  972.7 |
       Dungeon |  10843 |  10409 |    434 |   1156 |   6952 |  10 | 1084.3 |
        Temple |     91 |     76 |     15 |      0 |     56 |   1 |   91.0 |
          Lair |   6328 |   6215 |    113 |    156 |   4448 |   6 | 1054.7 |
       Volcano |    245 |    245 |      0 |     47 |     67 |   1 |  245.0 |
               +--------+--------+--------+--------+--------+-----+--------+

Top non-repeatable levels by time:
     D:3: 1521 daAuts
  Lair:3: 1497 daAuts
  Lair:2: 1352 daAuts
     D:8: 1352 daAuts
     D:4: 1289 daAuts
     D:5: 1213 daAuts
     D:6: 1203 daAuts
     D:1: 1115 daAuts
  Lair:4: 1111 daAuts
     D:2: 986 daAuts
  Lair:5: 976 daAuts
     D:9: 910 daAuts
  Lair:1: 852 daAuts
    D:10: 657 daAuts
     D:7: 592 daAuts
